 Dungeon Crawl Stone Soup version 0.28.0-45-g0d030f2227 (webtiles) character file.

Game seed: 3722634677997607720

32 pkoi the Insei (level 2, -6/24 HPs)
             Began as a Demigod Gladiator on Apr 25, 2022.
             Killed by nerve-wracking pain
             ... invoked by Jessica
              (14 damage)
             ... on level 2 of the Dungeon.
             The game lasted 00:01:52 (1423 turns).

pkoi the Insei (Demigod Gladiator)                  Turns: 1423, Time: 00:01:52

Health: -6/24      AC:  7    Str: 15    XL:     2   Next: 93%
Magic:  4/4        EV: 11    Int: 10    God:
Gold:   127        SH:  0    Dex: 15    Spells: 1/1 levels left

rFire   . . .      SeeInvis .   o - +2 dagger (freeze)
rCold   . . .      Faith    .   (no shield)
rNeg    . . .      Spirit   .   i - +0 ring mail
rPois   .          Reflect  .   b - +0 helmet
rElec   .          Harm     .   (no cloak)
rCorr   .          Rampage  .   h - +0 pair of gloves
Will    .....                   (no boots)
Stlth   +.........              (no amulet)
HPRegen 0.08/turn               (no ring)
MPRegen 0.09/turn               (no ring)

@: no status effects
A: high MP 1, forlorn, divine attributes
a: no special abilities


You were on level 2 of the Dungeon.
You visited 1 branch of the dungeon, and saw 2 of its levels.

You collected 127 gold pieces.

Inventory:

Hand Weapons
 m - a +0 short sword
 n - a +0 dagger
 o - a +2 dagger of freezing (weapon)
Missiles
 c - 3 throwing nets
 g - 4 poisoned darts (quivered)
 j - 5 boomerangs
Armour
 a - a +0 leather armour
 b - a +0 helmet (worn)
 h - a +0 pair of gloves (worn)
 i - a +0 ring mail (worn)
Scrolls
 e - a scroll of silence {unknown}
 f - a scroll of identify {unknown}
Potions
 d - a potion of brilliance {unknown}
 k - a potion of heal wounds {unknown}
 l - a potion of mutation {unknown}


   Skills:
 - Level 1.7 Fighting
 - Level 1.7 Throwing
 - Level 2.6 Dodging
 + Level 3.9 Unarmed Combat


You had one spell level left.
You didn't know any spells.
Your spell library contained the following spells:

 Spells                   Type           Power      Damage    Failure   Level
 Ensorcelled Hibernation  Hex/Ice        0%         N/A       75%         2
 Passwall                 Tmut/Erth      0%         N/A       75%         2
 Swiftness                Air            0%         N/A       92%         3


Dungeon Overview and Level Annotations

Branches:
Dungeon (2/15)

Annotations:
D:2 Jessica


Innate Abilities, Weirdness & Mutations

You have an increased reservoir of magic. (+10% MP)
You shall have no god before yourself.
Your divine heritage dramatically boosts your attributes as you level up.


Message History

No target in view!
No target in view!
No target in view!
Search for what [? for help]? armor You see here a +0 scale mail.
Done exploring.
Done exploring.
Done exploring.
(D) Dungeon
Where to? (Enter - D:1 @ (x,y), ? - help)
There is a stone staircase leading down here.
You climb downwards.
Found 14 stones.
There is a stone staircase leading up here.
Found a broken altar of Ashenzari.
Found a stone staircase leading up.
Jessica the Apprentice Sorceress comes into view.
She is wielding a +0 club.
A hobgoblin comes into view.
Found a ring mail and 17 arrows.
The hobgoblin shouts!
Jessica casts a spell.
Jessica seems to speed up.
Jessica points at you and mumbles some strange words.
Pain shoots through your body! Jessica hits you but does no damage.
You closely miss Jessica. You punch Jessica.
Jessica is moderately wounded.
Jessica casts a spell at you. Pain shoots through your body!
Ouch! That really hurt!
* * * LOW HITPOINT WARNING * * *
Jessica very coldly says, "I hate your company."
Jessica barely misses you. Jessica closely misses you.
You hit Jessica. You freeze Jessica.
Jessica is heavily wounded.
Jessica casts a spell at you. Pain shoots through your body!
Ouch! That really hurt!
You die...

......g.#
.[......###
#....# ####.#
###.# #...#
####.#........
#.@..#........
#######
#@####........
##.....###.#
#....._..
#.....<....#
####.....
#(......####
.....
#.......#
###.#
##......#
#.....##
.......#
##......+


You could see Jessica (fast).

Vanquished Creatures
  4 bats (D:1)
  4 endoplasms (D:1)
  2 giant cockroaches (D:1)
  4 goblins (D:1)
  4 hobgoblins (D:1)
  4 kobolds (D:1)
  3 ball pythons (D:1)
  4 rats (D:1)
29 creatures vanquished.

Vanquished Creatures (others)
  4 toadstools (D:1)
4 creatures vanquished.

Grand Total: 33 creatures vanquished

Notes
Turn   | Place    | Note
-------+----------+-------------------------------------------
     0 | D:1      | pkoi the Demigod Gladiator began the quest for the Orb.
     0 | D:1      | Reached XP level 1. HP: 17/17 MP: 3/3
   124 | D:1      | Reached skill level 3 in Unarmed Combat
   249 | D:1      | Reached XP level 2. HP: 18/24 MP: 4/4
  1411 | D:2      | Noticed Jessica
  1423 | D:2      | Killed from afar by Jessica

Illustrated notes

Levels and vault maps discovered:
D:1:      lemuel_arrival_rhombus, layout_basic, minmay_gold_behind_fungi,
          minmay_misc_feat_columns
D:2:      layout_basic, basic_altar, uniq_jessica

Skill      XL: |  1 |
---------------+----+-----
Unarmed Combat | 3 |  3.9
Fighting       | |  1.7
Throwing       | |  1.7
Dodging        | |  2.6

Action                   || total
-------------------------++-------
Melee: Unarmed           ||    90
       Dagger            ||     5
       Punch             ||     1
Armor: Leather armour    ||    31
       Ring mail         ||     8
Dodge: Dodged            ||    71
